 Dungeon Crawl Stone Soup version 0.16.1-11-g651b585 (webtiles) character file.

218 jacksonaction the Vexing (level 5, -2/31 HPs)
             Began as an Octopode Enchanter on Apr 2, 2015.
             Slain by an ogre
             ... wielding a +0 giant club
              (18 damage)
             ... on level 4 of the Dungeon.
             The game lasted 00:19:11 (2715 turns).

jacksonaction the Vexing (Octopode Enchanter)       Turns: 2715, Time: 00:19:11

Health: -2/31      AC:  1    Str:  8    XL:     5   Next: 95%
Magic:  9/9        EV: 13    Int: 17    God:
Gold:   186        SH:  0    Dex: 13    Spells: 2 memorised, 5 levels left

rFire  . . .     SeeInvis .     a - +1 dagger
rCold  . . .     Clarity  .     (no shield)
rNeg   . . .     SustAb   .     (helmet restricted)
rPois  .         Gourm    .     (no amulet)
rElec  .         Spirit   .     (no ring)
rCorr  .         Warding  .     (no ring)
rMut   .         Stasis   .     (no ring)
MR     .....                    (no ring)
Stlth  ++++......               (no ring)
                                (no ring)
                                (no ring)
                                (no ring)

@: not resistant to hostile enchantments, stealthy
A: almost no armour, amphibious, 8 rings, constrict 8, camouflage 1, gelatinous
body 1
a: no special abilities


You were on level 4 of the Dungeon.
You were not hungry.

You visited 1 branch of the dungeon, and saw 4 of its levels.

You collected 186 gold pieces.

Inventory:

Hand weapons
 a - a +1 dagger (weapon)
 k - a +0 short sword
 s - a +0 short sword
Missiles
 e - 11 poisoned needles
 q - 10 tomahawks (quivered)
Jewellery
 u - an uncursed ring of wizardry {unknown}
Scrolls
 b - 2 scrolls of teleportation {unknown}
 g - a scroll of recharging {unknown}
 l - 5 scrolls of remove curse {unknown}
 w - a scroll of blinking {unknown}
 x - 3 scrolls of identify {unknown}
 y - a scroll of noise {unknown}
Potions
 f - 3 potions of haste {unknown}
 i - 2 potions of brilliance {unknown}
 j - 3 potions of magic {unknown}
 m - 2 potions of heal wounds {unknown}
 p - 2 potions of curing {unknown}
 z - a potion of restore abilities {unknown}
Books
 c - a book of Maledictions

   Spells                             Type                      Level
   a - Corona                         Hexes                        1
   b - Sure Blade                     Hexes/Charms                 2
   c - Ensorcelled Hibernation        Hexes/Ice                    2
   d - Confuse                        Hexes                        3
   e - Dazzling Spray                 Conjuration/Hexes            3
   f - Enslavement                    Hexes                        4
 v - a book of Annihilations {highlevel, unknown}

   This book is beyond your current level of understanding.

   Spells                             Type                      Level
   a - Poison Arrow                   Conjuration/Poison           6
   b - Chain Lightning                Conjuration/Air              8
   c - Lehudib's Crystal Spear        Conjuration/Earth            8
   d - Glaciate                       Conjuration/Ice              9
   e - Fire Storm                     Conjuration/Fire             9
Comestibles
 d - 2 bread rations
 h - a royal jelly
 n - 2 meat rations
 o - a chunk of flesh
 r - 4 fruits
 t - a slice of pizza


   Skills:
 - Level 1.0 Short Blades
 - Level 3.2 Dodging
 - Level 5.0 Stealth
 + Level 2.2 Spellcasting
 - Level 5.1 Hexes
 - Level 1.0 Ice Magic


You had 5 spell levels left.
You knew the following spells:

 Your Spells              Type           Power        Failure   Level  Hunger
a - Corona                Hex            ###....      2%          1    #......
b - Ensorcelled Hibernat  Hex/Ice        ##....       10%         2    ###....


Dungeon Overview and Level Annotations

Branches:
Dungeon (4/15)
 Temple: D:4-7

Altars:
Gozag
Kikubaaqudgha
Okawaru
Sif Muna


Innate Abilities, Weirdness & Mutations

You cannot wear most types of armour.
You are amphibious.
You can wear up to eight rings at the same time.
You can use your tentacles to constrict many enemies at once.
Your skin changes colour to match your surroundings (Stealth).
Your rubbery body absorbs attacks (AC +1).


Message History

A giant newt comes into view.
The giant newt bites you.
You closely miss the giant newt. Your grab misses the giant newt.
The giant newt closely misses you.
You miss the giant newt. Your grab misses the giant newt.
The giant newt closely misses you.
You hit the giant newt.
You kill the giant newt!
You see here a giant newt corpse.
A giant gecko comes into view.
Found a scroll labeled SKADDUCRER.
Found a puce potion.
An ogre comes into view. It is wielding a giant club.
Found a stone staircase leading down.
Found a sapphire potion.
You see here 11 gold pieces.
The ogre shouts!
The ogre hits you with a giant club!!
Ouch! That really hurt!
You die...

#.##.# #..#.#
##.#!# #.#.#
#.#.# #.#.#
#.#.## #.$..#
#..@>#
#.....Ol.......
.......?....###
..####...!###.#
####.. # #.. #.
##


You could see an ogre and a giant gecko.

Vanquished Creatures
  2 orc wizards
  A hound skeleton (D:4)
  5 adders
  5 giant geckos
  2 oozes
  8 orcs
  5 bats
  4 goblins
  8 hobgoblins
  21 jackals
  9 kobolds
  2 giant cockroaches (D:3)
  7 giant newts
  5 quokkas
  A quokka skeleton (D:3)
  4 rats
89 creatures vanquished.

Notes
Turn   | Place    | Note
--------------------------------------------------------------
     0 | D:1      | jacksonaction, the Octopode Enchanter, began the quest for the Orb.
     0 | D:1      | Reached XP level 1. HP: 11/11 MP: 3/3
   168 | D:1      | Reached XP level 2. HP: 17/17 MP: 2/4
   180 | D:1      | Learned a level 2 spell: Ensorcelled Hibernation
   690 | D:2      | Reached skill level 5 in Stealth
   716 | D:2      | Reached XP level 3. HP: 9/21 MP: 6/6
  1213 | D:2      | Reached XP level 4. HP: 24/27 MP: 7/7
  1329 | D:2      | Reached skill level 1 in Ice Magic
  1906 | D:3      | Found an opulent altar of Gozag.
  1908 | D:3      | Found an iron altar of Okawaru.
  1920 | D:3      | Reached XP level 5. HP: 31/31 MP: 6/9
  1948 | D:3      | Found a deep blue altar of Sif Muna.
  1948 | D:3      | Found an ancient bone altar of Kikubaaqudgha.
  2560 | D:4      | Reached skill level 5 in Hexes
  2712 | D:4      | Noticed an ogre
  2715 | D:4      | Slain by an ogre

Action                   |  1- 3 |  4- 6 || total
-------------------------+-------+-------++-------
Melee: Dagger            |    58 |   134 ||   192
Throw: Tomahawk          |       |     7 ||     7
 Cast: Corona            |     2 |       ||     2
       Ensorcelled Hiber |     4 |     8 ||    12
 Stab: Sleeping          |    11 |    11 ||    22
       Distracted        |       |     1 ||     1
  Eat: Chunk             |     1 |     6 ||     7
